Lightning vs Sabres

Created - 1 novembre 2017 at 17:15

Goals
1 2 3 T
Lightning 2 0 1 3
Sabres 3 1 2 6
Shots
1 2 3 T
Lightning 9 13 4 26
Sabres 15 5 16 36

1st period

1. Sabres , Rasmus Ristolainen 2 (Kyle Turris 10) at 0:04
2. Lightning , Jeff Carter 7 (Johnny Gaudreau 15, Andrej Sekera 12) at 1:00
3. Lightning , Patric Hornqvist 10 (Jeff Carter 19, Kyle Quincey 4) at 11:16
4. Sabres , Patrick Eaves 3 (Ryan Nugent-Hopkins 3, Jason Zucker 4) at 16:02
5. Sabres , Patrick Eaves 4 (Cody Franson 4, Ryan Nugent-Hopkins 4) at 18:03

Penalties :
Rasmus Ristolainen (BUF) for Hooking (Minor) at 7:28, Tobias Rieder (TBL) for Hooking (Minor) at 12:55, Patric Hornqvist (TBL) for Hooking (Minor) at 18:09

2nd period

6. Sabres , Rasmus Ristolainen 3 (Jason Zucker 5, Ryan Nugent-Hopkins 5) at 10:31

Penalties :
Dan Girardi (BUF) for Tripping (Minor) at 2:50, Anders Lee (BUF) for Cross-checking (Minor) at 17:43

3rd period

7. Lightning , Patric Hornqvist 11 (Johnny Gaudreau 16, Jeff Carter 20) at 1:06 (PP)
8. Sabres , Brandon Saad 6 (Nino Niederreiter 7, Kyle Turris 11) at 2:34 (PP)
9. Sabres , Anders Lee 5 (Bo Horvat 5, Thomas Vanek 3) at 13:32 (PP)

Penalties :
Anders Lee (BUF) for Tripping (Minor) at 0:54, Andrej Sekera (TBL) for Tripping (Minor) at 1:43, Kyle Quincey (TBL) for Hooking (Minor) at 12:09

Goalie Stats

Jaroslav Halak (TBL), 15 saves from 19 shots - (0.789), L, 0-2-0, 30:31 minutes
Kari Lehtonen (TBL), 15 saves from 17 shots - (0.882), 29:29 minutes
Thomas Greiss (BUF), 23 saves from 26 shots - (0.885), W, 7-5-1, 60:00 minutes

Players Stats for Lightning

Player Name              G  A  P  +/- PIM S  H  SB GA TA FO     MP     PP MP  PK MP  
------------------------------------------------------------------------------------
Andrej Sekera            0  1  1  -1  2   1  3  0  0  0  0/0    23:01   3:15   0:46 
Brad Hunt                0  0  0  -2  0   0  0  0  0  0  0/0    13:35   0:00   0:18 
Dennis Wideman           0  0  0  -2  0   0  0  4  0  0  0/0    17:40   0:00   3:32 
Erik Gudbranson          0  0  0   1  0   2  3  5  0  0  0/0    19:06   2:54   2:46 
Henrik Sedin             0  0  0  -1  0   1  0  0  0  0  12/22  19:43   3:03   2:02 
Henrik Zetterberg        0  0  0  -1  0   0  0  0  0  0  0/0    18:38   3:03   1:31 
Jeff Carter              1  2  3   1  0   5  0  0  0  0  17/31  18:52   3:06   0:00 
Johnny Gaudreau          0  2  2   1  0   1  0  0  0  0  1/2    19:06   3:06   0:14 
Justin Bailey            0  0  0  -1  0   0  0  0  0  0  0/3     6:18   0:00   0:00 
Kyle Quincey             0  1  1   1  2   1  2  1  0  0  0/0    20:56   2:54   2:22 
Matt Hendricks           0  0  0  -1  0   0  1  0  0  0  0/0     6:18   0:00   0:00 
Patric Hornqvist         2  0  2   1  2   3  2  0  0  0  0/0    18:51   3:06   0:00 
Teddy Purcell            0  0  0  -1  0   1  0  0  0  0  0/0    11:31   0:00   0:00 
Tobias Rieder            0  0  0  -1  2   4  4  1  0  0  0/2    20:15   3:03   3:09 
Travis Zajac             0  0  0  -1  0   2  1  0  0  0  7/9    11:31   0:00   0:00 
Trevor Daley             0  0  0  -1  0   2  2  2  0  0  0/0    25:06   3:15   2:40 
Troy Brouwer             0  0  0  -1  0   2  3  0  0  0  0/1    12:49   0:00   1:18 
Vernon Fiddler           0  0  0  -1  0   1  2  1  0  0  10/19  10:28   0:00   4:10 

Players Stats for Sabres

Player Name              G  A  P  +/- PIM S  H  SB GA TA FO     MP     PP MP  PK MP  
------------------------------------------------------------------------------------
Adam Pelech              0  0  0   0  0   0  0  2  0  0  0/0    13:56   0:00   0:56 
Anders Lee               1  0  1  -1  4   4  3  0  0  0  0/0    15:25   1:58   0:50 
Bo Horvat                0  1  1  -1  0   4  1  0  0  0  15/25  18:45   1:58   4:08 
Brandon Saad             1  0  1   1  0   3  0  1  0  0  0/2    22:05   4:14   1:11 
Brett Connolly           0  0  0   0  0   0  1  0  0  0  0/1     7:29   0:00   0:00 
Cody Franson             0  1  1  -1  0   0  0  2  0  0  0/0    15:06   0:00   1:45 
Dan Girardi              0  0  0   1  2   1  1  1  0  0  0/0    23:57   3:51   2:00 
Hunter Shinkaruk         0  0  0   0  0   0  0  0  0  0  1/1     8:09   0:00   0:40 
Jake McCabe              0  0  0   1  0   2  1  1  0  0  0/0    21:19   2:21   2:24 
Jason Zucker             0  2  2   2  0   1  2  0  0  0  0/0    10:51   0:00   0:00 
Kyle Turris              0  2  2   1  0   4  0  0  0  0  18/32  23:12   4:14   2:18 
Mathew Dumba             0  0  0   1  0   2  1  2  0  0  0/0    20:59   2:21   2:10 
Nino Niederreiter        0  1  1   1  0   5  2  0  0  0  0/1    20:54   4:14   0:00 
Patrick Eaves            2  0  2   2  0   3  2  0  0  0  0/0    10:51   0:00   0:00 
Rasmus Ristolainen       2  0  2   2  2   5  1  2  0  0  0/0    24:41   3:51   3:03 
Ryan Nugent-Hopkins      0  3  3   2  0   0  0  0  0  0  6/18   12:02   0:00   1:11 
Thomas Vanek             0  1  1  -1  0   0  0  0  0  0  0/0    14:37   1:58   0:00 
Zach Hyman               0  0  0   0  0   2  0  0  0  0  2/9     9:29   0:00   2:00 

3 Stars

1 - Patrick Eaves (BUF)
2 - Rasmus Ristolainen (BUF)
3 - Jeff Carter (TBL)

Power Play

Lightning - 1 on 4 Attempt(s) - 25.00%
Sabres - 2 on 4 Attempt(s) - 50.00%

Penalty Kill

Lightning - 2 on 4 Attempt(s) - 50.00% - Score 0 goal in Penalty Kill
Sabres - 3 on 4 Attempt(s) - 75.00% - Score 0 goal in Penalty Kill

Team Stat

Lightning - Hits : 23 - Faceoff Wins : 47 - Blocked Shots : 14 - Penalty Minutes : 8
Sabres - Hits : 15 - Faceoff Wins : 42 - Blocked Shots : 11 - Penalty Minutes : 8

Official

Referees : Dean Morton and Marc Joannette
Linesman : Ryan Galloway and Bryan Pancich

Game Notes

Kari Lehtonen enters game at 10:31 of 2nd period
Erik Gudbranson is injured at 12:28 of 3rd period (Right Hip)

Finance

Level 1 -- Attendance: 6219 (95.68%) -- Ticket Income 621 900 $
Level 2 -- Attendance: 4662 (93.24%) -- Ticket Income 349 650 $
Level 3 -- Attendance: 3359 (95.97%) -- Ticket Income 167 950 $
Level 4 -- Attendance: 3070 (100.00%) -- Ticket Income 76 750 $
Luxury Box -- Attendance: 721 (72.10%) -- Ticket Income 180 250 $
Game was played at the First Niagara Center.
Total Attendance: 18031 (94.55%)
Total Ticket Income: 1 396 500 $
Other Income: 209 475 $
Total Income: 1 605 975 $

% Time on Ice - Lightning

Lines # - Real PCT - Wanted PCT - Time Play
Normal Forward
1 - 33% - 40% - 15:46
2 - 30% - 30% - 14:04
3 - 24% - 20% - 11:31
4 - 13% - 10% - 6:18
Normal Defense
1 - 35% - 40% - 16:29
2 - 34% - 30% - 16:11
3 - 24% - 20% - 11:17
4 - 8% - 10% - 3:42
PP Forward
1 - 50% - 60% - 3:06
2 - 50% - 40% - 3:03
PP Defense
1 - 53% - 60% - 3:15
2 - 47% - 40% - 2:54
PK Forward
1 - 79% - 60% - 4:54
2 - 21% - 40% - 1:18
PK Defense
1 - 43% - 60% - 2:40
2 - 57% - 40% - 3:32
PK3 Forward
1 - 0% - 60%
2 - 0% - 40%
PK3 Defense
1 - 0% - 60%
2 - 0% - 40%
44 Forward
1 - 0% - 60%
2 - 0% - 40%
44 Defense
1 - 0% - 60%
2 - 0% - 40%
Last Minute Offensive  - 0:00
Last Minute Defensive  - 0:00
Total
Forward - 60:00
Defense - 60:00

% Time on Ice - Sabres

Lines # - Real PCT - Wanted PCT - Time Play
Normal Forward
1 - 35% - 40% - 16:40
2 - 27% - 30% - 12:39
3 - 23% - 20% - 10:51
4 - 16% - 10% - 7:29
Normal Defense
1 - 39% - 40% - 18:34
2 - 33% - 30% - 15:46
3 - 26% - 20% - 12:37
4 - 1% - 10% - 0:42
PP Forward
1 - 68% - 60% - 4:14
2 - 32% - 40% - 1:58
PP Defense
1 - 62% - 60% - 3:51
2 - 38% - 40% - 2:21
PK Forward
1 - 81% - 60% - 4:58
2 - 19% - 40% - 1:11
PK Defense
1 - 65% - 60% - 3:59
2 - 35% - 40% - 2:10
PK3 Forward
1 - 0% - 60%
2 - 0% - 40%
PK3 Defense
1 - 0% - 60%
2 - 0% - 40%
44 Forward
1 - 0% - 60%
2 - 0% - 40%
44 Defense
1 - 0% - 60%
2 - 0% - 40%
Last Minute Offensive  - 0:00
Last Minute Defensive  - 0:00
Total
Forward - 60:00
Defense - 60:00

Play by Play

1st period


0:01 of 1st period - Kyle Turris wins face-off versus Jeff Carter in neutral zone.
0:04 of 1st period - Shot by Rasmus Ristolainen.
0:04 of 1st period - Goal by Rasmus Ristolainen - Lightning : 0 - Sabres : 1.
0:05 of 1st period - Bo Horvat wins face-off versus Henrik Sedin in neutral zone.
0:05 of 1st period - Thomas Vanek is hit by Tobias Rieder and loses puck.
0:23 of 1st period - Off-side.
0:24 of 1st period - Ryan Nugent-Hopkins wins face-off versus Travis Zajac in neutral zone.
0:24 of 1st period - Ryan Nugent-Hopkins is hit by Travis Zajac.
0:42 of 1st period - Icing by Cody Franson.
0:43 of 1st period - Jeff Carter wins face-off versus Ryan Nugent-Hopkins in Sabres zone.
0:58 of 1st period - Shot by Jeff Carter.
0:58 of 1st period - Shot Misses the Net.
1:00 of 1st period - Shot by Jeff Carter.
1:00 of 1st period - Goal by Jeff Carter - Lightning : 1 - Sabres : 1.
1:01 of 1st period - Vernon Fiddler wins face-off versus Kyle Turris in neutral zone.
1:07 of 1st period - Icing by Rasmus Ristolainen.
1:08 of 1st period - Jeff Carter wins face-off versus Kyle Turris in Sabres zone.
1:12 of 1st period - Icing by Dan Girardi.
1:13 of 1st period - Kyle Turris wins face-off versus Henrik Sedin in Sabres zone.
1:34 of 1st period - Shot by Brandon Saad.
1:34 of 1st period - Stopped by Jaroslav Halak with a rebound.
2:24 of 1st period - Shot by Bo Horvat.
2:24 of 1st period - Shot Misses the Net.
2:26 of 1st period - Shot by Bo Horvat.
2:26 of 1st period - Stopped by Jaroslav Halak without a rebound.
2:27 of 1st period - Travis Zajac wins face-off versus Zach Hyman in Lightning zone.
2:27 of 1st period - Travis Zajac is hit by Brett Connolly.
2:43 of 1st period - Shot by Zach Hyman.
2:43 of 1st period - Shot Misses the Net.
2:48 of 1st period - Icing by Dennis Wideman.
2:49 of 1st period - Travis Zajac wins face-off versus Bo Horvat in Lightning zone.
3:03 of 1st period - Shot by Teddy Purcell.
3:03 of 1st period - Shot Misses the Net.
3:07 of 1st period - Shot by Travis Zajac.
3:07 of 1st period - Shot Misses the Net.
3:09 of 1st period - Shot by Brad Hunt.
3:09 of 1st period - Shot Misses the Net.
3:11 of 1st period - Shot by Travis Zajac.
3:11 of 1st period - Deflect By Troy Brouwer.
3:11 of 1st period - Stopped by Thomas Greiss without a rebound.
3:12 of 1st period - Jeff Carter wins face-off versus Ryan Nugent-Hopkins in Sabres zone.
3:19 of 1st period - Shot by Johnny Gaudreau.
3:19 of 1st period - Shot Blocked by Adam Pelech.
3:21 of 1st period - Shot by Erik Gudbranson.
3:21 of 1st period - Deflect By Patric Hornqvist.
3:21 of 1st period - Shot Blocked by Adam Pelech.
3:23 of 1st period - Shot by Erik Gudbranson.
3:23 of 1st period - Shot Misses the Net.
3:49 of 1st period - Shot by Patric Hornqvist.
3:49 of 1st period - Stopped by Thomas Greiss without a rebound.
3:50 of 1st period - Kyle Turris wins face-off versus Justin Bailey in Sabres zone.
3:50 of 1st period - Kyle Turris is hit by Matt Hendricks.
4:01 of 1st period - Nino Niederreiter is hit by Trevor Daley and loses puck.
4:28 of 1st period - Shot by Kyle Turris.
4:28 of 1st period - Shot Blocked by Vernon Fiddler.
4:31 of 1st period - Icing by Trevor Daley.
4:32 of 1st period - Bo Horvat wins face-off versus Justin Bailey in Lightning zone.
5:09 of 1st period - Shot by Tobias Rieder.
5:09 of 1st period - Stopped by Thomas Greiss without a rebound.
5:10 of 1st period - Jeff Carter wins face-off versus Zach Hyman in Sabres zone.
6:57 of 1st period - Brandon Saad is hit by Troy Brouwer and loses puck.
7:05 of 1st period - Icing by Nino Niederreiter.
7:06 of 1st period - Kyle Turris wins face-off versus Vernon Fiddler in Sabres zone.
7:06 of 1st period - Brandon Saad is hit by Vernon Fiddler and loses puck.
7:14 of 1st period - Icing by Dan Girardi.
7:15 of 1st period - Kyle Turris wins face-off versus Jeff Carter in Sabres zone.
7:15 of 1st period - Kyle Turris is hit by Patric Hornqvist.
7:23 of 1st period - Shot by Brandon Saad.
7:23 of 1st period - Shot Blocked by Erik Gudbranson.
7:28 of 1st period - Minor Penalty to Rasmus Ristolainen for Hooking.
7:29 of 1st period - Kyle Turris wins face-off versus Henrik Sedin in Sabres zone.
7:46 of 1st period - Shot by Andrej Sekera.
7:46 of 1st period - Stopped by Thomas Greiss without a rebound.
7:47 of 1st period - Kyle Turris wins face-off versus Jeff Carter in Sabres zone.
8:47 of 1st period - Shot by Andrej Sekera.
8:47 of 1st period - Deflect By Henrik Zetterberg.
8:47 of 1st period - Shot Misses the Net.
10:12 of 1st period - Icing by Dan Girardi.
10:13 of 1st period - Ryan Nugent-Hopkins wins face-off versus Justin Bailey in Sabres zone.
10:30 of 1st period - Shot by Brandon Saad.
10:30 of 1st period - Shot Misses the Net.
10:32 of 1st period - Shot by Cody Franson.
10:32 of 1st period - Shot Misses the Net.
10:42 of 1st period - Shot by Nino Niederreiter.
10:42 of 1st period - Stopped by Jaroslav Halak without a rebound.
10:43 of 1st period - Bo Horvat wins face-off versus Jeff Carter in Lightning zone.
11:06 of 1st period - Shot by Johnny Gaudreau.
11:06 of 1st period - Shot Blocked by Cody Franson.
11:08 of 1st period - Shot by Erik Gudbranson.
11:08 of 1st period - Stopped by Thomas Greiss with a rebound.
11:16 of 1st period - Shot by Patric Hornqvist.
11:16 of 1st period - Goal by Patric Hornqvist - Lightning : 2 - Sabres : 1.
11:17 of 1st period - Kyle Turris wins face-off versus Henrik Sedin in neutral zone.
11:39 of 1st period - Shot by Tobias Rieder.
11:39 of 1st period - Shot Blocked by Jake McCabe.
11:41 of 1st period - Shot by Dennis Wideman.
11:41 of 1st period - Shot Blocked by Mathew Dumba.
11:43 of 1st period - Shot by Brad Hunt.
11:43 of 1st period - Shot Blocked by Mathew Dumba.
11:45 of 1st period - Shot by Tobias Rieder.
11:45 of 1st period - Stopped by Thomas Greiss without a rebound.
11:46 of 1st period - Zach Hyman wins face-off versus Travis Zajac in Sabres zone.
11:46 of 1st period - Zach Hyman is hit by Troy Brouwer.
12:05 of 1st period - Brett Connolly is hit by Andrej Sekera and loses puck.
12:19 of 1st period - Teddy Purcell is hit by Dan Girardi and loses puck.
12:24 of 1st period - Shot by Travis Zajac.
12:24 of 1st period - Shot Misses the Net.
12:35 of 1st period - Off-side.
12:36 of 1st period - Bo Horvat wins face-off versus Jeff Carter in neutral zone.
12:54 of 1st period - Off-side.
12:55 of 1st period - Kyle Turris wins face-off versus Henrik Sedin in neutral zone.
12:55 of 1st period - Minor Penalty to Tobias Rieder for Hooking.
12:56 of 1st period - Vernon Fiddler wins face-off versus Kyle Turris in Lightning zone.
13:56 of 1st period - Shot by Bo Horvat.
13:56 of 1st period - Stopped by Jaroslav Halak without a rebound.
13:57 of 1st period - Henrik Sedin wins face-off versus Bo Horvat in Lightning zone.
14:12 of 1st period - Shot by Bo Horvat.
14:12 of 1st period - Shot Misses the Net.
14:14 of 1st period - Shot by Dan Girardi.
14:14 of 1st period - Shot Misses the Net.
14:16 of 1st period - Shot by Dan Girardi.
14:16 of 1st period - Shot Blocked by Erik Gudbranson.
14:18 of 1st period - Shot by Rasmus Ristolainen.
14:18 of 1st period - Shot Blocked by Erik Gudbranson.
14:20 of 1st period - Shot by Dan Girardi.
14:20 of 1st period - Shot Misses the Net.
14:22 of 1st period - Shot by Rasmus Ristolainen.
14:22 of 1st period - Stopped by Jaroslav Halak without a rebound.
14:23 of 1st period - Kyle Turris wins face-off versus Johnny Gaudreau in Lightning zone.
15:16 of 1st period - Shot by Troy Brouwer.
15:16 of 1st period - Deflect By Travis Zajac.
15:16 of 1st period - Shot Misses the Net.
15:24 of 1st period - Shot by Zach Hyman.
15:24 of 1st period - Stopped by Jaroslav Halak without a rebound.
15:25 of 1st period - Jeff Carter wins face-off versus Bo Horvat in Lightning zone.
15:50 of 1st period - Shot by Anders Lee.
15:50 of 1st period - Shot Blocked by Erik Gudbranson.
15:52 of 1st period - Shot by Anders Lee.
15:52 of 1st period - Shot Misses the Net.
15:54 of 1st period - Shot by Rasmus Ristolainen.
15:54 of 1st period - Deflect By Bo Horvat.
15:54 of 1st period - Stopped by Jaroslav Halak without a rebound.
15:55 of 1st period - Ryan Nugent-Hopkins wins face-off versus Vernon Fiddler in Lightning zone.
16:00 of 1st period - Shot by Ryan Nugent-Hopkins.
16:00 of 1st period - Shot Blocked by Trevor Daley.
16:02 of 1st period - Shot by Patrick Eaves.
16:02 of 1st period - Goal by Patrick Eaves - Lightning : 2 - Sabres : 2.
16:03 of 1st period - Kyle Turris wins face-off versus Henrik Sedin in neutral zone.
16:08 of 1st period - Shot by Nino Niederreiter.
16:08 of 1st period - Stopped by Jaroslav Halak without a rebound.
16:09 of 1st period - Henrik Sedin wins face-off versus Kyle Turris in Lightning zone.
16:31 of 1st period - Kyle Turris is hit by Andrej Sekera and loses puck.
16:48 of 1st period - Shot by Henrik Zetterberg.
16:48 of 1st period - Shot Blocked by Brandon Saad.
17:25 of 1st period - Icing by Dan Girardi.
17:26 of 1st period - Bo Horvat wins face-off versus Jeff Carter in Sabres zone.
17:37 of 1st period - Shot by Jeff Carter.
17:37 of 1st period - Shot Misses the Net.
17:39 of 1st period - Shot by Erik Gudbranson.
17:39 of 1st period - Stopped by Thomas Greiss without a rebound.
17:40 of 1st period - Travis Zajac wins face-off versus Ryan Nugent-Hopkins in Sabres zone.
18:03 of 1st period - Shot by Patrick Eaves.
18:03 of 1st period - Goal by Patrick Eaves - Lightning : 2 - Sabres : 3.
18:04 of 1st period - Jeff Carter wins face-off versus Zach Hyman in neutral zone.
18:09 of 1st period - Minor Penalty to Patric Hornqvist for Hooking.
18:10 of 1st period - Kyle Turris wins face-off versus Tobias Rieder in Lightning zone.
18:15 of 1st period - Shot by Kyle Turris.
18:15 of 1st period - Stopped by Jaroslav Halak without a rebound.
18:16 of 1st period - Vernon Fiddler wins face-off versus Kyle Turris in Lightning zone.
18:31 of 1st period - Shot by Kyle Turris.
18:31 of 1st period - Stopped by Jaroslav Halak without a rebound.
18:32 of 1st period - Vernon Fiddler wins face-off versus Bo Horvat in Lightning zone.
18:32 of 1st period - Vernon Fiddler is hit by Anders Lee.
18:48 of 1st period - Shot by Anders Lee.
18:48 of 1st period - Shot Blocked by Kyle Quincey.
18:50 of 1st period - Shot by Jake McCabe.
18:50 of 1st period - Shot Misses the Net.
18:52 of 1st period - Shot by Anders Lee.
18:52 of 1st period - Stopped by Jaroslav Halak with a rebound.
18:54 of 1st period - Shot by Anders Lee.
18:54 of 1st period - Shot Blocked by Trevor Daley.
18:56 of 1st period - Shot by Mathew Dumba.
18:56 of 1st period - Stopped by Jaroslav Halak without a rebound.
18:57 of 1st period - Vernon Fiddler wins face-off versus Brandon Saad in Lightning zone.
19:11 of 1st period - Dan Girardi is hit by Vernon Fiddler and loses puck.
Goals for this period are 2 for Lightning vs 3 for Sabres.
Shots for this period are 9 for Lightning vs 15 for Sabres.

2nd period


0:01 of 2nd period - Kyle Turris wins face-off versus Vernon Fiddler in neutral zone.
0:08 of 2nd period - Shot by Brandon Saad.
0:08 of 2nd period - Stopped by Jaroslav Halak with a rebound.
0:10 of 2nd period - Shot by Bo Horvat.
0:10 of 2nd period - Stopped by Jaroslav Halak without a rebound.
0:11 of 2nd period - Jeff Carter wins face-off versus Kyle Turris in Lightning zone.
0:20 of 2nd period - Shot by Jeff Carter.
0:20 of 2nd period - Stopped by Thomas Greiss without a rebound.
0:21 of 2nd period - Henrik Sedin wins face-off versus Bo Horvat in Sabres zone.
0:26 of 2nd period - Shot by Henrik Zetterberg.
0:26 of 2nd period - Shot Misses the Net.
0:31 of 2nd period - Thomas Vanek is hit by Kyle Quincey.
0:41 of 2nd period - Shot by Anders Lee.
0:41 of 2nd period - Stopped by Jaroslav Halak without a rebound.
0:42 of 2nd period - Jeff Carter wins face-off versus Kyle Turris in Lightning zone.
1:29 of 2nd period - Kyle Turris is hit by Tobias Rieder and loses puck.
1:56 of 2nd period - Henrik Sedin is hit by Mathew Dumba and loses puck.
1:59 of 2nd period - Shot by Henrik Sedin.
1:59 of 2nd period - Shot Misses the Net.
2:01 of 2nd period - Shot by Erik Gudbranson.
2:01 of 2nd period - Shot Misses the Net.
2:29 of 2nd period - Shot by Travis Zajac.
2:29 of 2nd period - Stopped by Thomas Greiss without a rebound.
2:30 of 2nd period - Bo Horvat wins face-off versus Vernon Fiddler in Sabres zone.
2:50 of 2nd period - Minor Penalty to Dan Girardi for Tripping.
2:51 of 2nd period - Zach Hyman wins face-off versus Jeff Carter in Sabres zone.
2:51 of 2nd period - Zach Hyman is hit by Patric Hornqvist.
2:58 of 2nd period - Icing by Erik Gudbranson.
2:59 of 2nd period - Jeff Carter wins face-off versus Zach Hyman in Lightning zone.
3:59 of 2nd period - Shot by Trevor Daley.
3:59 of 2nd period - Shot Blocked by Cody Franson.
4:01 of 2nd period - Shot by Tobias Rieder.
4:01 of 2nd period - Stopped by Thomas Greiss without a rebound.
4:02 of 2nd period - Ryan Nugent-Hopkins wins face-off versus Tobias Rieder in Sabres zone.
4:15 of 2nd period - Shot by Trevor Daley.
4:15 of 2nd period - Stopped by Thomas Greiss with a rebound.
4:17 of 2nd period - Shot by Andrej Sekera.
4:17 of 2nd period - Shot Misses the Net.
5:19 of 2nd period - Shot by Ryan Nugent-Hopkins.
5:19 of 2nd period - Deflect By Jason Zucker.
5:19 of 2nd period - Shot Misses the Net.
6:17 of 2nd period - Shot by Jeff Carter.
6:17 of 2nd period - Stopped by Thomas Greiss without a rebound.
6:18 of 2nd period - Henrik Sedin wins face-off versus Kyle Turris in Sabres zone.
6:47 of 2nd period - Shot by Kyle Turris.
6:47 of 2nd period - Shot Misses the Net.
7:08 of 2nd period - Off-side.
7:09 of 2nd period - Bo Horvat wins face-off versus Jeff Carter in neutral zone.
7:27 of 2nd period - Johnny Gaudreau is hit by Bo Horvat and loses puck.
8:15 of 2nd period - Shot by Teddy Purcell.
8:15 of 2nd period - Shot Misses the Net.
9:24 of 2nd period - Shot by Henrik Sedin.
9:24 of 2nd period - Stopped by Thomas Greiss with a rebound.
9:26 of 2nd period - Shot by Trevor Daley.
9:26 of 2nd period - Stopped by Thomas Greiss without a rebound.
9:27 of 2nd period - Bo Horvat wins face-off versus Vernon Fiddler in Sabres zone.
10:10 of 2nd period - Icing by Brad Hunt.
10:11 of 2nd period - Henrik Sedin wins face-off versus Ryan Nugent-Hopkins in Lightning zone.
10:11 of 2nd period - Henrik Sedin is hit by Jason Zucker.
10:29 of 2nd period - Shot by Jason Zucker.
10:29 of 2nd period - Shot Misses the Net.
10:31 of 2nd period - Shot by Rasmus Ristolainen.
10:31 of 2nd period - Goal by Rasmus Ristolainen - Lightning : 2 - Sabres : 4.
10:31 of 2nd period - Kari Lehtonen enters game.
10:32 of 2nd period - Jeff Carter wins face-off versus Zach Hyman in neutral zone.
10:37 of 2nd period - Shot by Jeff Carter.
10:37 of 2nd period - Stopped by Thomas Greiss without a rebound.
10:38 of 2nd period - Jeff Carter wins face-off versus Nino Niederreiter in Sabres zone.
10:53 of 2nd period - Shot by Kyle Turris.
10:53 of 2nd period - Deflect By Nino Niederreiter.
10:53 of 2nd period - Stopped by Kari Lehtonen without a rebound.
10:54 of 2nd period - Bo Horvat wins face-off versus Henrik Sedin in Lightning zone.
11:46 of 2nd period - Kyle Quincey is hit by Anders Lee and loses puck.
13:03 of 2nd period - Icing by Patrick Eaves.
13:04 of 2nd period - Travis Zajac wins face-off versus Ryan Nugent-Hopkins in Sabres zone.
13:56 of 2nd period - Rasmus Ristolainen is hit by Tobias Rieder.
14:13 of 2nd period - Henrik Zetterberg is hit by Jake McCabe and loses puck.
15:08 of 2nd period - Shot by Vernon Fiddler.
15:08 of 2nd period - Stopped by Thomas Greiss without a rebound.
15:09 of 2nd period - Travis Zajac wins face-off versus Ryan Nugent-Hopkins in Sabres zone.
15:18 of 2nd period - Shot by Troy Brouwer.
15:18 of 2nd period - Stopped by Thomas Greiss with a rebound.
16:35 of 2nd period - Off-side.
16:36 of 2nd period - Bo Horvat wins face-off versus Jeff Carter in neutral zone.
16:41 of 2nd period - Shot by Thomas Vanek.
16:41 of 2nd period - Shot Blocked by Dennis Wideman.
16:44 of 2nd period - Icing by Dennis Wideman.
16:45 of 2nd period - Ryan Nugent-Hopkins wins face-off versus Jeff Carter in Lightning zone.
17:18 of 2nd period - Icing by Jake McCabe.
17:19 of 2nd period - Henrik Sedin wins face-off versus Ryan Nugent-Hopkins in Sabres zone.
17:43 of 2nd period - Minor Penalty to Anders Lee for Cross-checking.
17:44 of 2nd period - Kyle Turris wins face-off versus Jeff Carter in Sabres zone.
18:17 of 2nd period - Shot by Johnny Gaudreau.
18:17 of 2nd period - Stopped by Thomas Greiss without a rebound.
18:18 of 2nd period - Kyle Turris wins face-off versus Henrik Sedin in Sabres zone.
18:48 of 2nd period - Shot by Tobias Rieder.
18:48 of 2nd period - Stopped by Thomas Greiss without a rebound.
18:49 of 2nd period - Jeff Carter wins face-off versus Kyle Turris in Sabres zone.
19:09 of 2nd period - Shot by Kyle Quincey.
19:09 of 2nd period - Stopped by Thomas Greiss without a rebound.
19:10 of 2nd period - Henrik Sedin wins face-off versus Ryan Nugent-Hopkins in Sabres zone.
Goals for this period are 0 for Lightning vs 1 for Sabres.
Shots for this period are 13 for Lightning vs 5 for Sabres.

3rd period


0:01 of 3rd period - Jeff Carter wins face-off versus Kyle Turris in neutral zone.
0:33 of 3rd period - Off-side.
0:34 of 3rd period - Bo Horvat wins face-off versus Henrik Sedin in neutral zone.
0:36 of 3rd period - Anders Lee is hit by Tobias Rieder and loses puck.
0:50 of 3rd period - Bo Horvat is hit by Erik Gudbranson and loses puck.
0:54 of 3rd period - Minor Penalty to Anders Lee for Tripping.
0:55 of 3rd period - Jeff Carter wins face-off versus Kyle Turris in Sabres zone.
1:06 of 3rd period - Shot by Patric Hornqvist.
1:06 of 3rd period - Goal by Patric Hornqvist - Lightning : 3 - Sabres : 4.
1:07 of 3rd period - Henrik Sedin wins face-off versus Ryan Nugent-Hopkins in neutral zone.
1:16 of 3rd period - Kyle Quincey is hit by Jason Zucker and loses puck.
1:21 of 3rd period - Shot by Patrick Eaves.
1:21 of 3rd period - Deflect By Jason Zucker.
1:21 of 3rd period - Shot Misses the Net.
1:23 of 3rd period - Shot by Jake McCabe.
1:23 of 3rd period - Stopped by Kari Lehtonen without a rebound.
1:24 of 3rd period - Jeff Carter wins face-off versus Kyle Turris in Lightning zone.
1:43 of 3rd period - Minor Penalty to Andrej Sekera for Tripping.
1:44 of 3rd period - Vernon Fiddler wins face-off versus Bo Horvat in Lightning zone.
1:50 of 3rd period - Bo Horvat is hit by Erik Gudbranson and loses puck.
1:53 of 3rd period - Shot by Mathew Dumba.
1:53 of 3rd period - Stopped by Kari Lehtonen without a rebound.
1:54 of 3rd period - Kyle Turris wins face-off versus Vernon Fiddler in Lightning zone.
2:09 of 3rd period - Shot by Rasmus Ristolainen.
2:09 of 3rd period - Stopped by Kari Lehtonen with a rebound.
2:11 of 3rd period - Shot by Rasmus Ristolainen.
2:11 of 3rd period - Stopped by Kari Lehtonen with a rebound.
2:13 of 3rd period - Shot by Dan Girardi.
2:13 of 3rd period - Shot Blocked by Dennis Wideman.
2:34 of 3rd period - Shot by Brandon Saad.
2:34 of 3rd period - Goal by Brandon Saad - Lightning : 3 - Sabres : 5.
2:35 of 3rd period - Bo Horvat wins face-off versus Jeff Carter in neutral zone.
3:21 of 3rd period - Icing by Jake McCabe.
3:22 of 3rd period - Travis Zajac wins face-off versus Bo Horvat in Sabres zone.
5:20 of 3rd period - Icing by Trevor Daley.
5:21 of 3rd period - Hunter Shinkaruk wins face-off versus Jeff Carter in Lightning zone.
5:21 of 3rd period - Hunter Shinkaruk is hit by Andrej Sekera.
5:24 of 3rd period - Brett Connolly is hit by Trevor Daley and loses puck.
5:49 of 3rd period - Shot by Zach Hyman.
5:49 of 3rd period - Stopped by Kari Lehtonen without a rebound.
5:50 of 3rd period - Ryan Nugent-Hopkins wins face-off versus Troy Brouwer in Lightning zone.
6:14 of 3rd period - Icing by Teddy Purcell.
6:15 of 3rd period - Travis Zajac wins face-off versus Bo Horvat in Lightning zone.
6:21 of 3rd period - Shot by Erik Gudbranson.
6:21 of 3rd period - Shot Blocked by Dan Girardi.
6:23 of 3rd period - Shot by Troy Brouwer.
6:23 of 3rd period - Shot Blocked by Rasmus Ristolainen.
6:41 of 3rd period - Kyle Quincey is hit by Anders Lee and loses puck.
6:52 of 3rd period - Rasmus Ristolainen is hit by Erik Gudbranson and loses puck.
7:48 of 3rd period - Icing by Henrik Zetterberg.
7:49 of 3rd period - Henrik Sedin wins face-off versus Ryan Nugent-Hopkins in Lightning zone.
7:49 of 3rd period - Henrik Sedin is hit by Patrick Eaves.
8:06 of 3rd period - Shot by Jason Zucker.
8:06 of 3rd period - Stopped by Kari Lehtonen without a rebound.
8:07 of 3rd period - Johnny Gaudreau wins face-off versus Zach Hyman in Lightning zone.
8:11 of 3rd period - Dennis Wideman is hit by Rasmus Ristolainen and loses puck.
9:12 of 3rd period - Shot by Brandon Saad.
9:12 of 3rd period - Shot Misses the Net.
9:14 of 3rd period - Shot by Kyle Turris.
9:14 of 3rd period - Stopped by Kari Lehtonen with a rebound.
9:16 of 3rd period - Shot by Brandon Saad.
9:16 of 3rd period - Deflect By Kyle Turris.
9:16 of 3rd period - Shot Misses the Net.
9:18 of 3rd period - Shot by Jake McCabe.
9:18 of 3rd period - Stopped by Kari Lehtonen without a rebound.
9:19 of 3rd period - Henrik Sedin wins face-off versus Bo Horvat in Lightning zone.
9:48 of 3rd period - Shot by Bo Horvat.
9:48 of 3rd period - Shot Misses the Net.
11:52 of 3rd period - Icing by Jake McCabe.
11:53 of 3rd period - Henrik Sedin wins face-off versus Zach Hyman in Sabres zone.
12:09 of 3rd period - Minor Penalty to Kyle Quincey for Hooking.
12:10 of 3rd period - Vernon Fiddler wins face-off versus Kyle Turris in Lightning zone.
12:10 of 3rd period - Vernon Fiddler is hit by Nino Niederreiter.
12:20 of 3rd period - Shot by Nino Niederreiter.
12:20 of 3rd period - Stopped by Kari Lehtonen without a rebound.
12:21 of 3rd period - Bo Horvat wins face-off versus Vernon Fiddler in Lightning zone.
12:28 of 3rd period - Shot by Thomas Vanek.
12:28 of 3rd period - Shot Blocked by Erik Gudbranson.
12:28 of 3rd period - Erik Gudbranson from Lightning is injured at 12:28 of 3rd period (Right Hip).
12:29 of 3rd period - Kyle Turris wins face-off versus Vernon Fiddler in Lightning zone.
12:30 of 3rd period - Shot by Nino Niederreiter.
12:30 of 3rd period - Deflect By Brandon Saad.
12:30 of 3rd period - Shot Blocked by Dennis Wideman.
12:32 of 3rd period - Shot by Kyle Turris.
12:32 of 3rd period - Shot Blocked by Tobias Rieder.
12:34 of 3rd period - Shot by Kyle Turris.
12:34 of 3rd period - Stopped by Kari Lehtonen without a rebound.
12:35 of 3rd period - Vernon Fiddler wins face-off versus Kyle Turris in Lightning zone.
12:41 of 3rd period - Icing by Rasmus Ristolainen.
12:42 of 3rd period - Kyle Turris wins face-off versus Vernon Fiddler in Sabres zone.
12:47 of 3rd period - Dennis Wideman is hit by Nino Niederreiter and loses puck.
13:10 of 3rd period - Shot by Rasmus Ristolainen.
13:10 of 3rd period - Shot Blocked by Dennis Wideman.
13:12 of 3rd period - Shot by Dan Girardi.
13:12 of 3rd period - Stopped by Kari Lehtonen with a rebound.
13:14 of 3rd period - Shot by Nino Niederreiter.
13:14 of 3rd period - Stopped by Kari Lehtonen without a rebound.
13:15 of 3rd period - Bo Horvat wins face-off versus Henrik Sedin in Lightning zone.
13:32 of 3rd period - Shot by Anders Lee.
13:32 of 3rd period - Goal by Anders Lee - Lightning : 3 - Sabres : 6.
13:33 of 3rd period - Jeff Carter wins face-off versus Ryan Nugent-Hopkins in neutral zone.
13:33 of 3rd period - Jeff Carter is hit by Patrick Eaves.
13:53 of 3rd period - Jason Zucker is hit by Kyle Quincey and loses puck.
14:04 of 3rd period - Shot by Patric Hornqvist.
14:04 of 3rd period - Shot Misses the Net.
15:28 of 3rd period - Shot by Bo Horvat.
15:28 of 3rd period - Shot Misses the Net.
15:40 of 3rd period - Shot by Thomas Vanek.
15:40 of 3rd period - Deflect By Anders Lee.
15:40 of 3rd period - Stopped by Kari Lehtonen without a rebound.
15:41 of 3rd period - Vernon Fiddler wins face-off versus Brett Connolly in Lightning zone.
16:34 of 3rd period - Anders Lee is hit by Troy Brouwer and loses puck.
17:46 of 3rd period - Shot by Teddy Purcell.
17:46 of 3rd period - Stopped by Thomas Greiss with a rebound.
18:04 of 3rd period - Shot by Travis Zajac.
18:04 of 3rd period - Stopped by Thomas Greiss without a rebound.
18:05 of 3rd period - Vernon Fiddler wins face-off versus Brandon Saad in Sabres zone.
18:08 of 3rd period - Shot by Matt Hendricks.
18:08 of 3rd period - Shot Misses the Net.
18:10 of 3rd period - Shot by Kyle Quincey.
18:10 of 3rd period - Shot Misses the Net.
18:12 of 3rd period - Shot by Kyle Quincey.
18:12 of 3rd period - Shot Blocked by Rasmus Ristolainen.
19:11 of 3rd period - Shot by Jeff Carter.
19:11 of 3rd period - Stopped by Thomas Greiss without a rebound.
19:12 of 3rd period - Henrik Sedin wins face-off versus Ryan Nugent-Hopkins in Sabres zone.
19:25 of 3rd period - Shot by Ryan Nugent-Hopkins.
19:25 of 3rd period - Shot Misses the Net.
19:33 of 3rd period - Shot by Patrick Eaves.
19:33 of 3rd period - Stopped by Kari Lehtonen without a rebound.
19:34 of 3rd period - Bo Horvat wins face-off versus Jeff Carter in Lightning zone.
19:39 of 3rd period - Icing by Jeff Carter.
19:40 of 3rd period - Jeff Carter wins face-off versus Bo Horvat in Lightning zone.
Goals for this period are 1 for Lightning vs 2 for Sabres.
Shots for this period are 4 for Lightning vs 16 for Sabres.